 Dungeon Crawl Stone Soup version 0.30-a0-956-gcec3b41aec (webtiles) character file.

Game seed: 4300341554389810348

48 Newt the Shooter (level 4, 0/30 HPs)
             Began as a Kobold Hunter on Mar 29, 2023.
             Slain by Terence
             ... wielding a +0 falchion
              (7 damage)
             ... on level 3 of the Dungeon.
             The game lasted 00:02:00 (1512 turns).

Newt the Shooter (Kobold Hunter)                    Turns: 1512, Time: 00:02:00

Health: 0/30       AC:  3    Str:  8    XL:     4   Next: 0%
Magic:  4/4        EV: 14    Int: 10    God:
Gold:   103        SH:  0    Dex: 20    Spells: 3/3 levels left

rFire   . . .      SeeInvis .    a - +0 shortbow
rCold   . . .      Faith    .    (shield currently unavailable)
rNeg    . . .      Spirit   .    c - +0 leather armour
rPois   .          Reflect  .    (no helmet)
rElec   .          Rampage  .    (no cloak)
rCorr   .                        (no gloves)
Will    .....                    (no boots)
Stlth   +++                      (no amulet)
HPRegen 0.25/turn                (no ring)
MPRegen 0.09/turn                (no ring)

@: attractive
A: small, no large weapons, nightstalker 3
a: no special abilities


You were on level 3 of the Dungeon.
You visited 1 branch of the dungeon, and saw 3 of its levels.

You collected 103 gold pieces.

Inventory:

Hand Weapons
 a - a +0 shortbow (weapon)
Missiles
 k - 6 boomerangs of dispersal
Armour
 c - a +0 leather armour (worn)
Scrolls
 b - a scroll of immolation
Potions
 f - a potion of attraction
 h - a potion of might
 i - a potion of mutation
 l - a potion of haste {unknown}


   Skills:
 + Level 4.3 Fighting
 - Level 5.3 Ranged Weapons
 - Level 2.4 Dodging
 - Level 1.3 Stealth


You had 3 spell levels left.
You didn't know any spells.
Your spell library contained the following spells:

 Spells                   Type           Power      Damage    Failure   Level
 Yara's Violent Unravell  Hex/Tmut       0%         3d3       100%        5
 Enfeeble                 Hex            0%         N/A       100%        7


Dungeon Overview and Level Annotations

Branches:
Dungeon (3/15)

Altars:
Uskayaw

Shops:
D:1 [!**

Annotations:
D:3 Terence


Innate Abilities, Weirdness & Mutations

You are small and have problems with some larger weapons.
You are completely attuned to the shadows.


Message History

You hear the flapping of tiny wings.
It was a scroll of butterflies.
As you read the scroll labelled SUSEHAKKAA, it crumbles to dust.
It is a scroll of amnesia.
You feel forgetful for a moment.
Your surroundings suddenly seem different.
Terence and an endoplasm come into view.
Terence shouts!
You hear a shout!
The endoplasm quivers.
Okay, then.
You shoot an arrow. The arrow hits Terence.
Terence is moderately wounded.
A goblin comes into view. It is wielding a +0 dagger.
Terence hits you with a +0 falchion!
You shoot an arrow. The arrow hits the endoplasm.
The endoplasm is moderately wounded.
The endoplasm barely misses you. Terence hits you with a +0 falchion.
Unknown command.
You shoot an arrow. The arrow barely misses Terence.
The endoplasm freezes you.
You are frozen.
Terence shouts, "Now you die!" Terence hits you with a +0 falchion.
You shoot an arrow.
The arrow hits Terence but does no damage.
Terence is moderately wounded.
The endoplasm misses you. Terence looks scornfully at you.
Terence closely misses you. The endoplasm freezes you.
You are frozen.
Terence hits you but does no damage.
You shoot an arrow. The arrow hits Terence.
Terence is moderately wounded.
The endoplasm hits you but does no damage.
Terence hits you with a +0 falchion!
* * * LOW HITPOINT WARNING * * *
Unknown command.
It was a potion of attraction.
You feel attractive to monsters. The endoplasm barely misses you.
Terence hits you with a +0 falchion!
You die...

######
...@@#
#.##J#
#g#
...
#..
####


bbb# You could see Terence, an endoplasm and a goblin.

Vanquished Creatures
  A dart slug (D:1)
  4 bats
  2 endoplasms
  2 giant cockroaches (D:1)
  3 goblins
  6 hobgoblins
  4 jackals (D:1)
  4 kobolds (D:1)
  5 ball pythons
  3 frilled lizards
  9 rats
43 creatures vanquished.

Notes
Turn   | Place    | Note
-------+----------+-------------------------------------------
     0 | D:1      | Newt the Kobold Hunter began the quest for the Orb.
     0 | D:1      | Reached XP level 1. HP: 12/12 MP: 1/1
    76 | D:1      | Reached XP level 2. HP: 13/18 MP: 2/2
   163 | D:1      | Reached XP level 3. HP: 7/23 MP: 3/3
   353 | D:1      | Found a faded altar of an unknown god.
   500 | D:1      | Found Igujablu's Armour Shoppe.
   539 | D:1      | Found Cikk's Assorted Antiques.
   545 | D:1      | Found Begesk's General Store.
   594 | D:1      | Found Veul's Distillery.
   800 | D:2      | Found a hide-covered altar of Uskayaw.
  1502 | D:3      | Reached XP level 4. HP: 26/30 MP: 4/4
  1506 | D:3      | Noticed Terence
  1512 | D:3      | Slain by Terence

Illustrated notes

Levels and vault maps discovered:
D:1:      psy_arrival_radial01, layout_rooms, serial_shops,
          nicolae_shop_crystal, shop, shop, nicolae_shop_trees,
          shapermc_ecumenical_altar_starsandcircs, serial_bayou_crossing
D:2:      layout_loops_ring, basic_altar
D:3:      minmay_octagon_keep, layout_rooms,
          hangedman_abyss_or_decor_lesser_grid, grunt_decor_mini_mirrors,
          minmay_shallow_snake_nest, uniq_terence, uniq_grinder

Skill      XL: |  1  2  3 |
---------------+----------+-----
Fighting       | 3 4 |  4.3
Ranged Weapons | |  5.3
Dodging        | |  2.4
Stealth        | |  1.3

Action                     |  1- 3 |  4- 6 || total
---------------------------+-------+-------++-------
   Fire: Shortbow          |   102 |     5 ||   107
    Use: Scroll            |       |     5 ||     5
         Potion            |       |     1 ||     1
 Armour: Leather armour    |    11 |     2 ||    13
  Dodge: Dodged            |    65 |     4 ||    69

Table legend: (Time is in decaauts)
 A = Elapsed time spent in this place.
 B = Non-inter-level travel time spent in this place.
 C = Inter-level travel time spent in this place.
 D = Time resting spent in this place.
 E = Time spent auto-exploring this place.
 F = Levels seen in this place.
 G = Mean time per level.
                   A        B        C        D        E       F      G
               +--------+--------+--------+--------+--------+-----+--------+
         Total |   1550 |   1508 |     42 |     43 |   1249 |   3 |  516.7 |
       Dungeon |   1550 |   1508 |     42 |     43 |   1249 |   3 |  516.7 |
               +--------+--------+--------+--------+--------+-----+--------+

Top non-repeatable levels by time:
     D:1: 810 daAuts
     D:2: 724 daAuts
     D:3: 16 daAuts
